 Dungeon Crawl Stone Soup version 0.22-a0-617-g6d95e9e (webtiles) character file.

2122 sking99 the Covert (level 9, 0/57 HPs)
             Began as a Vampire Enchanter on July 12, 2018.
             Was a Follower of Kikubaaqudgha.
             Slain by a two-headed ogre
             ... wielding a +0 giant club
              (15 damage)
             ... on level 8 of the Dungeon.
             The game lasted 00:18:20 (8702 turns).

sking99 the Covert (Vampire Enchanter)              Turns: 8702, Time: 00:18:21

Health: 0/57       AC:  8    Str:  7    XL:     9   Next: 8%
Magic:  9/13       EV: 16    Int: 20    God:    Kikubaaqudgha [*.....]
Gold:   465        SH:  5    Dex: 15    Spells: 1/14 levels left

rFire    . . .     SeeInvis +   u - +0 dagger (elec)
rCold    + . .     Gourm    .   z - +0 buckler
rNeg     + + .     Faith    .   b - +0 robe
rPois    +         Spirit   .   (no helmet)
rElec    .         Reflect  .   f - +2 cloak {MR+}
rCorr    .         Harm     .   (no gloves)
MR       ++...                  B - +2 pair of boots
Stlth    ++++++....             r - amulet of the acrobat
HPRegen  0.09/turn              s - ring of protection from magic
MPRegen  0.13/turn              y - ring of see invisible

@: regenerating slowly
A: fangs 3, see invisible, unbreathing
a: Bat Form, Receive Corpses, Renounce Religion


You were on level 8 of the Dungeon.
You worshipped Kikubaaqudgha.
Kikubaaqudgha was aware of your devotion.
You were thirsty.

You visited 2 branches of the dungeon, and saw 9 of its levels.

You collected 465 gold pieces.

Inventory:

Hand Weapons
 u - a +0 dagger of electrocution (weapon)
Armour
 b - a +0 robe (worn)
 f - a +2 cloak of magic resistance (worn)
 z - a +0 buckler (worn)
 B - a +2 pair of boots (worn)
Jewellery
 r - an amulet of the acrobat (around neck)
 s - a ring of protection from magic (left hand)
 y - a ring of see invisible (right hand)
Scrolls
 a - 3 scrolls of amnesia
 c - 6 scrolls of identify
 e - a scroll of immolation {unknown}
 g - 3 scrolls of magic mapping
 h - a scroll of noise
 k - 4 scrolls of remove curse
 l - 4 scrolls of teleportation
 o - 2 scrolls of blinking
 A - a scroll of brand weapon {unknown}
 D - a scroll of enchant armour {unknown}
 E - 2 scrolls of enchant weapon {unknown}
Potions
 d - a potion of flight
 i - a potion of might
 j - 4 potions of curing
 m - 2 potions of agility
 n - a potion of berserk rage
 p - a potion of degeneration
 q - 5 potions of blood
 t - 2 potions of ambrosia
 v - a potion of magic {unknown}
 w - 2 potions of mutation {unknown}
 x - 2 potions of haste {unknown}
 C - 2 potions of lignification {unknown}
 F - a potion of cancellation {unknown}


   Skills:
 + Level 4.3 Short Blades
 - Level 6.2 Dodging
 * Level 12.2 Stealth
 * Level 3.0 Shields
 - Level 3.0 Spellcasting
 - Level 8.0 Hexes
 + Level 0.2 Necromancy


You had one spell level left.
You knew the following spells:

 Your Spells              Type           Power        Failure   Level  Hunger
a - Ensorcelled Hibernat  Hex/Ice        ###...       4%          2    ##.....
b - Confuse               Hex            #####...     1%          3    ###....
c - Tukima's Dance        Hex            #####...     1%          3    ###....
d - Dazzling Spray        Conj/Hex       ###...       9%          3    ###....
e - Animate Skeleton      Necr           N/A          14%         1    None
t - Corona                Hex            #####..      1%          1    None

Your spell library contained the following spells:

 Spells                   Type           Power        Failure   Level  Hunger
 Pain                     Necr           #...         14%         1    None
 Regeneration             Chrm/Necr      #.........   41%         3    ###....
 Sublimation of Blood     Necr           #.........   22%         2    ##.....
 Confusing Touch          Hex            #####.       1%          1    None
 Metabolic Englaciation   Hex/Ice        ###.......   63%         5    ######.
 Petrify                  Tmut/Erth      #.......     83%         4    ####...
 Gell's Gravitas          Tloc           #.........   43%         3    ###....
 Yara's Violent Unravell  Hex/Tmut       ###.......   63%         5    ######.


Dungeon Overview and Level Annotations

Branches:
Dungeon (8/15)             Temple (1/1) D:5
   Lair: D:8-11

Altars:
Ashenzari
Cheibriados
Dithmenos
Elyvilon
Fedhas
Gozag
Hepliaklqana
Kikubaaqudgha
Nemelex Xobeh
Okawaru
Qazlal
Ru
Sif Muna
Trog
Uskayaw
Wu Jian
Yredelemnul
The Shining One

Annotations:
D:8 Maurice


Innate Abilities, Weirdness & Mutations

You heal slowly.
You have razor-sharp teeth.
You have supernaturally acute eyesight. (SInv)
You can survive without breathing.


Message History

Casting: Ensorcelled Hibernation (safe; 4% risk of failure)
Confirm with . or Enter, or press ? or * to list all spells.
Aiming: Ensorcelled Hibernation (safe; 4% risk of failure)
Press: ? - help, Shift-Dir - straight line, f - orc wizard, p - two-headed ogre
Aim: an orc wizard, wielding a dagger and wearing a robe (chance to defeat MR: 50%)
The orc wizard looks drowsy...
Maurice gestures wildly while chanting.
Maurice puts on a burst of speed!
An orc comes into view. It is wielding a club.
Maurice says, "Very interesting."
The helpless orc wizard fails to defend itself.
You bite the orc wizard, and draw its blood!
You feel better.
You feel slightly less thirsty.
You stick the orc wizard like a pincushion!!!
Lightning courses through the orc wizard!
You kill the orc wizard!
Kikubaaqudgha accepts your kill.
The two-headed ogre hits you with a giant club!
You die...
Kikubaaqudgha rasps: "You have failed me!
Welcome... oblivion!"

...... #.....# .###.#.
...o.#### . #.##.
#.#....## ... ..
#[).[#..#
....#.#####....#.#####
......))#.........#
..#.###.<..........
...###O@........
......)@.......#
###............#
##...........#
....####....... ####
.....#. #...... ....##
....#


You could see Maurice (invisible), a two-headed ogre and an orc (wandering).

Vanquished Creatures
  Pikel (D:6)
  An orc warrior (D:8)
  2 sky beasts (D:6)
  An ogre (D:5)
  A centaur (D:7)
  2 bullfrogs
  2 scorpions
  A howler monkey (D:8)
  2 crimson imps (D:7)
  6 hounds
  4 orc wizards
  4 orc priests
  A bullfrog skeleton (D:7)
  A gnoll shaman (D:7)
  2 worker ants
  A hound skeleton (D:4)
  10 adders
  7 gnolls
  2 shadow imps
  An ooze (D:1)
  An adder zombie (D:5)
  2 worms (D:2)
  A dart slug (D:5)
  7 leopard geckos
  22 orcs
  4 giant cockroaches
  6 goblins
  5 hobgoblins
  12 jackals
  4 kobolds
  11 bats
  2 frilled lizards
  A giant cockroach zombie (D:5)
  A quokka zombie (D:3)
  9 rats
140 creatures vanquished.

Vanquished Creatures (collateral kills)
  An ogre (D:4)
1 creature vanquished.

Vanquished Creatures (others)
  A dancing weapon (D:8)
  A quokka (D:6)
  A bush (D:7)
3 creatures vanquished.

Grand Total: 144 creatures vanquished

Notes
Turn   | Place    | Note
-------+----------+-------------------------------------------
     0 | D:1      | sking99 the Vampire Enchanter began the quest for the Orb.
     0 | D:1      | Reached XP level 1. HP: 13/13 MP: 3/3
   374 | D:1      | Reached XP level 2. HP: 19/19 MP: 5/5
   378 | D:1      | Learned a level 2 spell: Ensorcelled Hibernation
   574 | D:1      | Reached skill level 5 in Stealth
  1120 | D:2      | Reached XP level 3. HP: 24/24 MP: 3/6
  1443 | D:2      | Reached skill level 5 in Hexes
  1621 | D:2      | Reached XP level 4. HP: 30/30 MP: 7/7
  1624 | D:2      | Reached skill level 6 in Stealth
  2203 | D:3      | Found a deep blue altar of Sif Muna.
  2226 | D:3      | Reached XP level 5. HP: 9/35 MP: 0/9
  3405 | D:3      | Found a basalt altar of Yredelemnul.
  3803 | D:4      | Learned a level 3 spell: Confuse
  3807 | D:4      | Learned a level 3 spell: Tukima's Dance
  4065 | D:4      | Reached skill level 7 in Stealth
  4521 | D:4      | Reached XP level 6. HP: 41/41 MP: 2/10
  4942 | D:4      | Reached skill level 8 in Stealth
  5017 | D:5      | Entered Level 5 of the Dungeon
  5368 | D:5      | Reached skill level 9 in Stealth
  5368 | D:5      | Reached XP level 7. HP: 46/46 MP: 11/11
  5402 | D:5      | Found a stormy altar of Qazlal.
  5450 | D:5      | Found a staircase to the Ecumenical Temple.
  5518 | Temple   | Entered the Ecumenical Temple
  5720 | Temple   | Became a worshipper of Kikubaaqudgha
  5871 | D:5      | Found a sparkling altar of Nemelex Xobeh.
  5932 | D:5      | Found a blossoming altar of Fedhas.
  5935 | D:5      | Found a shattered altar of Ashenzari.
  5938 | D:5      | Found an opulent altar of Gozag.
  6159 | D:6      | Found a shattered altar of Ashenzari.
  6213 | D:6      | Noticed Pikel
  6391 | D:6      | Killed Pikel
  6391 | D:6      | Reached skill level 5 in Dodging
  6391 | D:6      | Reached skill level 10 in Stealth
  6391 | D:6      | Reached XP level 8. HP: 37/52 MP: 7/12
  6749 | D:6      | Reached skill level 11 in Stealth
  7212 | D:7      | Reached skill level 1 in Shields
  8075 | D:8      | Noticed Maurice
  8079 | D:8      | Noticed a two-headed ogre
  8278 | D:7      | Reached * piety under Kikubaaqudgha
  8278 | D:7      | Identified Kikubaaqudgha's Compendium of Darkness (Kikubaaqudgha gifted it to you on level 7 of the Dungeon)
  8278 | D:7      | Received a gift from Kikubaaqudgha
  8280 | D:7      | Reached skill level 12 in Stealth
  8362 | D:7      | Learned a level 1 spell: Animate Skeleton
  8366 | D:7      | Learned a level 3 spell: Dazzling Spray
  8380 | D:8      | Reached XP level 9. HP: 53/57 MP: 4/13
  8702 | D:8      | Slain by a two-headed ogre

Vault maps used:
D:1:      minmay_arrival_widening_spiral_wide, due_unseen_surprise
D:2:      wad_lake_hut
D:3:      led_sif_book, lemuel_crystal_altar, first_ration
D:5:      nicolae_overflow_crystal_walls, grunt_qazlal_clouds,
          grunt_temple_overflow_diamond, minmay_temple_entry_fiery
D:6:      evilmike_ruin_ashenzari, uniq_pikel
D:7:      kb_lookout_dungeons_type
D:8:      grunt_temple_overflow_order_and_chaos_1, vehumet_statue, uniq_joseph,
          uniq_maurice
Temple:   bh_familiar_temple

Skill      XL: |  1  2  3  4  5  6  7  8  9 |
---------------+----------------------------+-----
Stealth        | 5 6 7 9 10 12 | 12.2
Hexes          | 5 6 7 8 |  8.0
Dodging        | 3 4 5 6 |  6.2
Spellcasting   | 3 |  3.0
Short Blades   | 3 4 |  4.3
Shields        | 2 3 |  3.0
Necromancy     | |  0.2

Action                   |  1- 3 |  4- 6 |  7- 9 || total
-------------------------+-------+-------+-------++-------
Melee: Dagger            |    63 |   169 |    75 ||   307
       Bite              |     3 |    12 |     5 ||    20
 Cast: Corona            |     1 |       |       ||     1
       Ensorcelled Hiber |    16 |    46 |    40 ||   102
       Tukima's Dance    |       |     2 |     1 ||     3
       Confuse           |       |       |     5 ||     5
       Animate Skeleton  |       |       |     1 ||     1
 Abil: End Transformatio |       |     3 |     1 ||     4
       Bat Form          |       |     3 |     1 ||     4
  Use: Potion            |       |     7 |     7 ||    14
       Scroll            |       |    15 |       ||    15
 Stab: Sleeping          |    26 |    48 |    33 ||   107
       Confused          |       |       |     2 ||     2
       Distracted        |       |       |     1 ||     1
Armor: Robe              |    10 |    28 |     9 ||    47
Dodge: Dodged            |    26 |   117 |    72 ||   215
Block: Buckler           |       |       |    13 ||    13

Table legend:
 A = Spawn XP
 B = Non-spawn XP
 C = Spawn XP percentage of total XP
 D = Spawn monster count
 E = Non-spawn monster count
 F = Spawn count percentage of total count
 G = Total turns spent on level
                    A         B        C        D         E        F      G
               +---------+---------+-------+---------+---------+-------+---------
         Total |       0 |    3032 |   0.0 |       0 |     141 |   0.0 |  8702
               +---------+---------+-------+---------+---------+-------+---------
           D:1 |       0 |      35 |   0.0 |       0 |      20 |   0.0 |   980
           D:2 |       0 |      89 |   0.0 |       0 |      19 |   0.0 |  1057
           D:3 |       0 |     128 |   0.0 |       0 |      19 |   0.0 |  1508
           D:4 |       0 |     298 |   0.0 |       0 |      28 |   0.0 |  1472
           D:5 |       0 |     278 |   0.0 |       0 |      13 |   0.0 |   863
           D:6 |       0 |    1154 |   0.0 |       0 |      11 |   0.0 |  1010
           D:7 |       0 |     597 |   0.0 |       0 |      13 |   0.0 |  1457
           D:8 |       0 |     453 |   0.0 |       0 |      18 |   0.0 |   130
               +---------+---------+-------+---------+---------+-------+---------
